 Dungeon Crawl Stone Soup version 0.28-a0-998-gb9e9c7b67e (webtiles) character file.

Game seed: 899135396271436428

21677 RepHenryClay the Nimble (level 12, -9/153 HPs)
             Began as a Deep Elf Earth Elementalist on Dec 5, 2021.
             Was a High Priest of Vehumet.
             Mangled by an orc warrior (11 damage)
             ... on level 1 of the Orcish Mines.
             The game lasted 00:33:27 (19832 turns).

RepHenryClay the Nimble (DEEE)                     Turns: 19832, Time: 00:33:27

Health: -9/153     AC: 26    Str:  4 (5)  XL:     12   Next: 56%
Magic:  14/23      EV:  2    Int: 24 (26) God:    Vehumet [*****.]
Gold:   294        SH:  0    Dex: 14 (15) Spells: 11/24 levels left

rFire   . . .      SeeInvis .   a - staff of conjuration
rCold   . . .      Faith    .   (no shield)
rNeg    . . .      Spirit   .   (armour currently unavailable)
rPois   +          Reflect  .   (helmet currently unavailable)
rElec   .          Harm     .   (cloak currently unavailable)
rCorr   .          Rampage  .   (gloves currently unavailable)
Will    ++...      NoTele   +   (boots currently unavailable)
Stlth   ..........              (no amulet)
HPRegen 0.35/turn               m - +4 ring of evasion
MPRegen 0.18/turn               q - ring of willpower

@: mighty, brilliant, berserking, tree-form, attractive, very quick
A: stationary, stasis, torment immunity, boosted hp
a: Renounce Religion


You were on level 1 of the Orcish Mines.
You worshipped Vehumet.
Vehumet was extremely pleased with you.
You were a tree.
You visited 3 branches of the dungeon, and saw 15 of its levels.

You collected 976 gold pieces.
You spent 682 gold pieces at shops.

Inventory:

Hand Weapons
 b - a +0 spectral quarterstaff
 f - a +0 short sword
 s - a +1 vorpal mace
 v - a +1 dagger of flaming
 H - a +2 vorpal mace
 K - the +1 falchion of Weak False Accusations {antimagic, rF+ Will+ Int+5 Dex+4}
   (You found it on level 9 of the Dungeon)

   It reduces the magical energy of the wielder, and disrupts the spells and
   magical abilities of those it strikes.
   Natural abilities and divine invocations are not affected.
   Int:       It affects your intelligence (+5).
   Dex:       It affects your dexterity (+4).
   rF:        It protects you from fire.
   Will:      It increases your willpower.
Missiles
 j - 30 poisoned darts (quivered)
 k - 163 stones
Armour
 w - the +0 helmet of Resonance (melded) {Str+2}
   (You took it off Robin on level 4 of the Dungeon)

   Str:       It affects your strength (+2).
 F - a +3 leather armour of poison resistance (melded)
 I - a +2 cloak of stealth (melded)
 M - a scarf of repulsion
 N - a +0 robe of cold resistance
Magical Staves
 a - a staff of conjuration (weapon)
Jewellery
 g - a ring of see invisible
 m - a +4 ring of evasion (left branch)
 q - a ring of willpower (right branch)
 r - a ring of fire
 y - a ring of positive energy
 C - a ring of resist corrosion
Wands
 p - a wand of flame (18)
 x - a wand of polymorph (5)
 E - a wand of paralysis (2)
Scrolls
 o - a scroll of brand weapon
 t - a scroll of enchant armour
 B - 3 scrolls of teleportation
 D - a scroll of immolation
 G - a scroll of magic mapping {unknown}
 J - 3 scrolls of torment
 O - 2 scrolls of enchant weapon {unknown}
 Q - a scroll of amnesia {unknown}
Potions
 c - a potion of lignification
 e - 4 potions of curing
 n - 3 potions of mutation
 z - a potion of ambrosia {unknown}
 A - 2 potions of flight
 L - a potion of might
 P - a potion of heal wounds {unknown}


   Skills:
 - Level 5.1 Fighting
 - Level 5.4 Staves
 - Level 13.7 Dodging
 - Level 2.4 Stealth
 - Level 6.6 Spellcasting
 - Level 10.4 Conjurations
 - Level 2.7 Transmutations
 - Level 8.0 Earth Magic
 + Level 8.6 Poison Magic
 - Level 5.9 Evocations


You had 11 spell levels left.
You knew the following spells:

 Your Spells              Type           Power      Damage    Failure   Level
a - Stone Arrow           Conj/Erth      100%       3d13      1%          3
b - Sandblast             Erth           100%       2d20      1%          1
c - Passwall              Tmut/Erth      41%        N/A       1%          2
d - Mephitic Cloud        Conj/Pois/Air  72%        N/A       1%          3
e - Olgreb's Toxic Radia  Pois           65%        N/A       1%          4

Your spell library contained the following spells:

 Spells                   Type           Power      Damage    Failure   Level
 Irradiate                Conj/Tmut      36%        3d25      4%          5
 Magic Dart               Conj           100%       1d8       1%          1
 Spider Form              Tmut/Pois      51%        N/A       2%          3
 Petrify                  Tmut/Erth      50%        N/A       9%          4
 Call Imp                 Summ           11%        N/A       12%         2
 Ensorcelled Hibernation  Hex/Ice        22%        N/A       12%         2
 Ozocubu's Refrigeration  Ice            5%         4d6       100%        7
 Ignition                 Fire           5%         3d4       100%        8


Dungeon Overview and Level Annotations

Branches:
Dungeon (12/15)            Temple (1/1) D:6            Lair (0/6) D:11
    Orc (2/2) D:12            Elf (0/3) Orc:2

Altars:
Elyvilon
Fedhas
Hepliaklqana
Kikubaaqudgha
Nemelex Xobeh
Okawaru
Sif Muna
Vehumet
Wu Jian
Yredelemnul
Zin

Shops:
D:4 *   D:6 :   D:11 =


Message History

It was a potion of degeneration.
There was something very wrong with that liquid.
You feel weakened.
You feel dopey.
You feel clumsy. Vehumet accepts your kill.
You feel your power returning.
You feel a bit more experienced.
It was a potion of attraction.
You feel attractive to monsters.
The orc knight no longer looks unusually strong.
The orc warrior throws a boomerang.
The boomerang barely misses you.
The orc warrior is attracted toward you.
The orc knight is attracted toward you. x2
Okay, then.
It was a potion of brilliance.
You feel clever all of a sudden. The orc knight is attracted toward you.
Okay, then.
It was a potion of berserk rage.
A red film seems to cover your vision as you go berserk!
You feel yourself moving faster!
You feel mighty!
The orc warrior hits you from afar with a +0 trident.
* * * LOW HITPOINT WARNING * * *
The orc knight is attracted toward you.
You are too berserk!
You hit the orc knight.
The orc knight is heavily wounded.
The orc knight seems to regain its courage.
The orc knight unwields a +4 arbalest of flaming.
It stops flaming.
The orc knight wields a +3 battleaxe.
The orc knight hits you with a +3 battleaxe!!
* * * LOW HITPOINT WARNING * * *
The orc warrior hits you from afar with a +0 trident!
* * * LOW HITPOINT WARNING * * *
The orc knight is attracted toward you.
Huge Dmg: -17%(-27hp) hp: 2%(2hp)
You hit the orc knight.
You blast the orc knight!
The orc knight is heavily wounded.
You closely miss the orc knight.
The orc knight is severely wounded.
The orc warrior hits you from afar with a +0 trident!
You die...

..##### ## ..#... #... ....#
....### ##.... ....#.###...#
......#.....#.#
#.....#..)..[# ####
#......#..#####..# ###
#.....#######..♣.###.##
##...)...## #...o......#
#.........# #..o....#.##
##.......######o......###
##..[......#.#§.......#.#
##...#.#..)###....#......###
....#####...#...####.....#.#
....######......#####......#
#....##.#..o.>)...###.o....#


You could see 2 orc knights and an orc warrior (strong).

Vanquished Creatures
  Snorg (D:12)
  Erolcha (D:11)
  A boulder beetle (D:12)
  3 two-headed ogres
  Sonja (D:11)
  An orc sorcerer (Orc:1)
  4 orc knights (Orc:1)
  2 oklob plants (D:11)
  2 ugly things
  A cyclops (D:12)
  A gargoyle (D:11)
  Psyche (D:12)
  3 trolls
  A shadow (D:12)
  3 wraiths
  Eustachio (D:4)
  30 yaks
  3 steam dragons (D:9)
  A water elemental (D:12)
  Menkaure (D:7)
  An acid dragon (D:9)
  13 orc warriors
  An ice beast (D:6)
  2 black bears
  A hornet zombie (D:3)
  2 sky beasts (D:6)
  2 necrophages
  5 centaurs
  3 ogres
  2 kobold brigands
  A phantom (D:5)
  3 bullfrogs
  A wyvern zombie (D:7)
  4 scorpions
  A water moccasin zombie (D:5)
  A water moccasin skeleton (D:5)
  11 killer bees
  3 electric eels
  9 howler monkeys
  5 centaur zombies
  6 hounds
  13 orc priests
  3 gnoll shamans
  Crazy Yiuf (D:2)
  2 bullfrog skeletons (D:6)
  Ijyb (D:4)
  Natasha (twice) (D:2)
  An iguana (D:5)
  16 orc wizards
  A killer bee zombie (D:6)
  Robin (D:4)
  4 howler monkey zombies
  14 gnolls
  8 adders
  2 shadow imps
  2 white imps
  A worm (D:3)
  4 dart slugs
  50 orcs
  11 endoplasms
  3 giant cockroaches
  14 goblins
  9 hobgoblins
  17 kobolds
  2 quokkas (D:1)
  9 ball pythons
  5 bats
  2 frilled lizards
  12 rats
349 creatures vanquished.

Vanquished Creatures (collateral kills)
  A killer bee (D:10)
1 creature vanquished.

Vanquished Creatures (others)
  2 killer bees
  9 plants (D:11)
11 creatures vanquished.

Grand Total: 361 creatures vanquished

Notes
Turn   | Place    | Note
-------+----------+-------------------------------------------
     0 | D:1      | RepHenryClay the Deep Elf Earth Elementalist began the
                  | quest for the Orb.
     0 | D:1      | Reached XP level 1. HP: 10/10 MP: 6/6
   109 | D:1      | Reached XP level 2. HP: 15/15 MP: 5/8
   379 | D:1      | Reached XP level 3. HP: 19/19 MP: 7/9
   385 | D:1      | Learned a level 3 spell: Stone Arrow
  1162 | D:2      | Noticed Natasha
  1165 | D:2      | Killed Natasha
  1166 | D:2      | Reached skill level 1 in Conjurations
  1166 | D:2      | Reached XP level 4. HP: 24/24 MP: 3/10
  1759 | D:2      | Noticed Natasha
  1762 | D:2      | Killed Natasha
  1957 | D:2      | Found a runed translucent door.
  1958 | D:2      | Noticed Crazy Yiuf
  1963 | D:2      | Killed Crazy Yiuf
  1964 | D:2      | Reached XP level 5. HP: 28/28 MP: 4/11
  2264 | D:2      | Learned a level 2 spell: Passwall
  2860 | D:3      | Noticed a necrophage
  2865 | D:3      | Killed a necrophage
  2866 | D:3      | Reached skill level 5 in Earth Magic
  2866 | D:3      | Reached XP level 6. HP: 32/32 MP: 2/12
  3571 | D:3      | Reached skill level 5 in Conjurations
  4184 | D:4      | Found Xaybbaaf's Elemental Accessories.
  4304 | D:4      | Noticed Ijyb
  4313 | D:4      | Identified the +0 helmet of Resonance {Str+2}
  4313 | D:4      | Noticed Robin
  4347 | D:4      | Killed Ijyb
  4448 | D:4      | Killed Robin
  4449 | D:4      | Reached XP level 7. HP: 36/36 MP: 9/13
  5155 | D:4      | Noticed Eustachio
  5160 | D:4      | Killed Eustachio
  5440 | D:5      | Entered Level 5 of the Dungeon
  5922 | D:5      | Reached XP level 8. HP: 31/41 MP: 4/17
  6158 | D:5      | Reached skill level 5 in Spellcasting
  6208 | D:5      | Identified the +2 long sword "Jellyslayer" {pain, rN+}
  6957 | D:6      | Found Ynil Ophisk's Book Boutique.
  6961 | D:6      | Found a staircase to the Ecumenical Temple.
  7085 | Temple   | Entered the Ecumenical Temple
  7251 | Temple   | Became a worshipper of Vehumet
  7520 | D:6      | Bought a book of Minor Magic for 198 gold pieces
  7638 | D:5      | Learned a level 3 spell: Mephitic Cloud
  7645 | D:6      | Reached skill level 1 in Poison Magic
  8067 | D:6      | Reached XP level 9. HP: 30/45 MP: 10/20
  8324 | D:6      | Reached skill level 5 in Poison Magic
  8327 | D:6      | Reached * piety under Vehumet
  8327 | D:6      | Offered knowledge of Foxfire by Vehumet.
  8893 | D:7      | Noticed Menkaure
  8893 | D:7      | Found a glowing silver altar of Zin.
  8899 | D:7      | Killed Menkaure
  8900 | D:7      | Reached skill level 3 in Dodging
  9025 | D:6      | Reached skill level 4 in Dodging
  9651 | D:7      | Reached skill level 5 in Dodging
  9917 | D:7      | Reached skill level 6 in Dodging
 10111 | D:7      | Reached ** piety under Vehumet
 10111 | D:7      | Offered knowledge of Scorch by Vehumet.
 10112 | D:7      | Reached skill level 7 in Dodging
 10695 | D:8      | Reached skill level 8 in Dodging
 11584 | D:8      | Reached skill level 9 in Dodging
 11584 | D:8      | Reached XP level 10. HP: 50/50 MP: 11/21
 11980 | D:9      | Offered knowledge of Dazzling Flash by Vehumet.
 12123 | D:9      | Reached skill level 10 in Dodging
 12260 | D:9      | Identified the +1 falchion of Weak False Accusations
                  | {antimagic, rF+ Will+ Int+5 Dex+4}
 12291 | D:9      | Noticed a two-headed ogre
 12756 | D:9      | Killed a two-headed ogre
 12757 | D:9      | Reached skill level 11 in Dodging
 13294 | D:9      | Reached skill level 1 in Fighting
 13718 | D:10     | Entered Level 10 of the Dungeon
 13769 | D:9      | Reached *** piety under Vehumet
 13775 | D:9      | Reached skill level 12 in Dodging
 14657 | D:10     | Reached XP level 11. HP: 42/59 MP: 10/22
 14659 | D:10     | Offered knowledge of Fulminant Prism by Vehumet.
 15324 | D:11     | Noticed a two-headed ogre
 15330 | D:11     | Killed a two-headed ogre
 15443 | D:11     | Reached skill level 13 in Dodging
 15447 | D:11     | Noticed Sonja
 15620 | D:11     | Killed Sonja
 15786 | D:11     | Found Qopuw's Jewellery Shoppe.
 15796 | D:11     | Noticed Erolcha
 15802 | D:11     | Found a staircase to the Lair.
 15808 | D:11     | Killed Erolcha
 15808 | D:11     | Reached **** piety under Vehumet
 15809 | D:11     | Reached skill level 10 in Conjurations
 15814 | D:11     | Noticed an oklob plant
 15814 | D:11     | Noticed an oklob plant
 15887 | D:11     | Killed an oklob plant
 16221 | D:11     | Noticed a purple ugly thing
 16225 | D:11     | Killed a purple ugly thing
 16261 | D:11     | Reached skill level 5 in Fighting
 16464 | D:11     | Reached skill level 1 in Staves
 16464 | D:11     | Reached skill level 1 in Evocations
 16576 | D:11     | Found a faded altar of an unknown god.
 16579 | D:11     | Found a faded altar of an unknown god.
 16641 | D:11     | Found a faded altar of an unknown god.
 16641 | D:11     | Found a hazy altar of Hepliaklqana.
 16970 | D:11     | Killed an oklob plant
 17116 | D:12     | Noticed a boulder beetle
 17122 | D:12     | Killed a boulder beetle
 17123 | D:12     | Reached XP level 12. HP: 68/68 MP: 9/23
 17362 | D:12     | Noticed a two-headed ogre
 17372 | D:12     | Killed a two-headed ogre
 17372 | D:12     | Offered knowledge of Irradiate by Vehumet.
 17490 | D:12     | Noticed Psyche
 17493 | D:12     | Killed Psyche
 17865 | D:12     | Reached skill level 5 in Evocations
 17945 | D:12     | Noticed Snorg
 17959 | D:12     | Killed Snorg
 17960 | D:12     | Reached skill level 5 in Staves
 18635 | D:12     | Found a staircase to the Orcish Mines.
 18683 | Orc:1    | Entered Level 1 of the Orcish Mines
 18904 | D:6      | Bought the Unrestrained Analects for 484 gold pieces
 18909 | D:6      | Learned a level 4 spell: Olgreb's Toxic Radiance
 19119 | Orc:2    | Entered Level 2 of the Orcish Mines
 19137 | Orc:2    | Found a staircase to the Elven Halls.
 19805 | Orc:1    | Reached ***** piety under Vehumet
 19819 | Orc:1    | HP: 3/68 [orc knight/bolt (25)]
 19830 | Orc:1    | HP: 2/153 [orc warrior (7)]
 19832 | Orc:1    | Mangled by an orc warrior

Illustrated notes

Levels and vault maps discovered:
D:1:      elethiomel_arrival_diamonds, layout_rooms, wad_floor_pattern_1
D:2:      layout_basic, uniq_natasha, uniq_crazy_yiuf_cottage
D:3:      layout_rooms, minmay_misc_feat_square
D:4:      layout_basic, nicolae_elemental_shop, hangedman_decor_points,
          uniq_eustachio, uniq_robin, uniq_ijyb
D:5:      layout_cave_pools, kb_lookout_dungeons_type
D:6:      layout_basic, minmay_temple_entry_trees, serial_shops, shop,
          minmay_misc_feat_tower
D:7:      layout_rooms, mainiacjoe_overflow_boulevard, uniq_menkaure
D:8:      layout_basic, nicolae_elevator_lobby_plus
D:9:      minmay_recursive_quarters, layout_basic
D:10:     layout_basic
D:11:     layout_gridville, dpeg_oklobed_lair, serial_shops, shop,
          nicolae_hepliaklqana_ecumenical_no_more, uniq_erolcha, uniq_sonja
D:12:     layout_basic, erik_orc_2, uniq_snorg, uniq_psyche
Temple:   mainiacjoe_temple_trianglar_array
Orc:1:    layout_diamond_mine, special_room [special_room_orc]
Orc:2:    st_orc_town, layout_caves, hangedman_minor_magic

Skill      XL: |  1  2  3  4  5  6  7  8  9 10 11 12 |
---------------+-------------------------------------+-----
Transmutations | 2 |  2.7
Earth Magic    | 4 5 6 7 8 |  8.0
Conjurations   | 1 3 4 5 6 7 8 10 | 10.4
Spellcasting   | 4 6 |  6.6
Poison Magic   | 4 6 8 |  8.6
Dodging        | 9 12 13 | 13.7
Fighting       | 2 5 |  5.1
Staves         | 3 5 |  5.4
Evocations     | 3 5 |  5.9
Stealth        | |  2.4

Action                   |  1- 3 |  4- 6 |  7- 9 | 10-12 || total
-------------------------+-------+-------+-------+-------++-------
Melee: Unarmed           |     3 |       |       |       ||     3
       Short sword       |     3 |     5 |       |       ||     8
       Mace              |       |    28 |    19 |       ||    47
       Staff             |       |       |       |    93 ||    93
Throw: Dart              |       |       |       |     1 ||     1
 Cast: Sandblast         |    35 |    23 |     4 |       ||    62
       Stone Arrow       |     7 |    47 |   186 |   277 ||   517
       Mephitic Cloud    |       |       |     8 |    20 ||    28
       Olgreb's Toxic Ra |       |       |       |     8 ||     8
Evoke: Wand              |       |       |     1 |     3 ||     4
  Use: Potion            |       |       |     1 |     8 ||     9
       Scroll            |       |       |       |    10 ||    10
 Stab: Sleeping          |     1 |       |       |       ||     1
       Confused          |       |       |       |     7 ||     7
Armor: Robe              |       |    13 |    21 |       ||    34
       Leather armour    |       |       |     1 |    31 ||    32
Dodge: Dodged            |     3 |    50 |    93 |   189 ||   335

Table legend: (Time is in decaauts)
 A = Elapsed time spent in this place.
 B = Non-inter-level travel time spent in this place.
 C = Inter-level travel time spent in this place.
 D = Time resting spent in this place.
 E = Time spent auto-exploring this place.
 F = Levels seen in this place.
 G = Mean time per level.
                   A        B        C        D        E       F      G
               +--------+--------+--------+--------+--------+-----+--------+
         Total |  19907 |  18773 |   1134 |   6055 |  10199 |  15 | 1327.1 |
       Dungeon |  19004 |  17951 |   1053 |   5770 |   9813 |  12 | 1583.7 |
        Temple |    182 |    158 |     24 |      0 |    156 |   1 |  182.0 |
  Orcish Mines |    720 |    663 |     57 |    285 |    230 |   2 |  360.0 |
               +--------+--------+--------+--------+--------+-----+--------+

Top non-repeatable levels by time:
     D:9: 2549 daAuts
     D:2: 2032 daAuts
     D:6: 1867 daAuts
     D:4: 1806 daAuts
    D:11: 1719 daAuts
     D:5: 1632 daAuts
    D:12: 1584 daAuts
     D:8: 1478 daAuts
    D:10: 1275 daAuts
     D:3: 1234 daAuts
     D:1: 982 daAuts
     D:7: 840 daAuts
   Orc:1: 608 daAuts
  Temple: 182 daAuts
   Orc:2: 111 daAuts
